 Dungeon Crawl Stone Soup version 0.20.0-10-g0535bb4 (webtiles) character file.

232 grindst0ne the Sneak (level 6, 0/43 HPs)
             Began as an Octopode Assassin on June 7, 2017.
             Slain by a killer bee (3 damage)
             ... on level 2 of the Dungeon.
             The game lasted 00:04:11 (2820 turns).

grindst0ne the Sneak (Octopode Assassin)            Turns: 2820, Time: 00:04:12

Health: 0/43       AC:  1    Str: 10    XL:     6   Next: 4%
Magic:  6/6        EV: 14    Int: 13    God:
Gold:   119        SH:  0    Dex: 16    Spells: 5/5 levels left

rFire    + . .     SeeInvis .   a - +2 dagger
rCold    x . .     Gourm    .   (no shield)
rNeg     . . .     Faith    .   (helmet restricted)
rPois    .         Spirit   .   (no amulet)
rElec    .         Reflect  .   q - ring of fire
rCorr    .         Harm     .   (no ring)
MR       .....                  (no ring)
Stlth    ++++......             (no ring)
Regen    0.2/turn               (no ring)
MPRegen  0.1/turn               (no ring)
                                (no ring)
                                (no ring)

@: lethally poisoned (0 -> -11)
A: almost no armour, stealthy swim, amphibious, 8 rings, constrict 8, camouflage
1, gelatinous body 1
a: no special abilities


You were on level 2 of the Dungeon.
You were hungry.

You visited 1 branch of the dungeon, and saw 3 of its levels.

You collected 119 gold pieces.

Inventory:

Hand Weapons
 a - a +2 dagger (weapon)
 b - a +0 blowgun
Missiles
 c - 22 poisoned needles
 d - 2 curare-tipped needles
Jewellery
 q - a ring of fire (left tentacle)
 t - an uncursed ring of poison resistance {unknown}
Scrolls
 i - a scroll of immolation {unknown}
 j - 4 scrolls of teleportation {unknown}
 o - 3 scrolls of remove curse {unknown}
 p - a scroll of enchant weapon {unknown}
 u - a scroll of fear {unknown}
Potions
 e - 2 potions of brilliance {unknown}
 h - 2 potions of magic {unknown}
 k - a potion of heal wounds {unknown}
 l - a potion of ambrosia {unknown}
 m - a potion of mutation {unknown}
 n - 3 potions of curing {unknown}
Comestibles
 f - 4 bread rations
 g - 3 meat rations
 s - 2 fruits


   Skills:
 + Level 4.0 Fighting
 + Level 3.8 Short Blades
 - Level 2.0 Throwing
 + Level 3.1 Dodging
 - Level 5.3 Stealth


You had 5 spell levels left.
You didn't know any spells.

Dungeon Overview and Level Annotations

Branches:
Dungeon (3/15)

Altars:
Uskayaw

Annotations:
D:2 Natasha


Innate Abilities, Weirdness & Mutations

You cannot wear most types of armour.
You are very stealthy in the water. (Stealth+)
You are amphibious.
You can wear up to eight rings at the same time.
You can use your tentacles to constrict eight enemies at once.
Your skin changes colour to match your surroundings (Stealth+).
Your rubbery body absorbs attacks. (AC +1, EV +1)


Message History

You squeeze the killer bee.
The killer bee is heavily wounded.
You feel sick. The killer bee stings you.
* * * LOW HITPOINT WARNING * * *
You are lethally poisoned!
The killer bee poisons you!
You closely miss the killer bee. You grab the killer bee.
Your squeeze misses the killer bee.
The killer bee is heavily wounded.
You constrict the killer bee, but do no damage.
* * * LOW HITPOINT WARNING * * *
You feel sick. The killer bee stings you.
* * * LOW HITPOINT WARNING * * *
The killer bee stings you.
* * * LOW HITPOINT WARNING * * *
You hit the killer bee but do no damage.
The killer bee is heavily wounded.
You constrict the killer bee. The killer bee misses you.
The killer bee stings you.
You die...

#.......#.......# ###
#...........♣...#
#..........♣.♣..#######
#)......#.♣._.♣.......#
###>..###..♣.♣..#####.#
#.#.......♣...# #.#
#...##........#####.####
###.##.##.......#......##
#.......@.....#.#.....###
####.##y......#.#.....#..
###.##.........#........
#....................#..
###.#.##.......)##.....###
#.....##........###).###
#.#.####.###.........#
#.#......# #.##.##...#
#.######## #.##)##...#


You could see a killer bee.

Vanquished Creatures
  A hound (D:3)
  2 orc wizards (D:3)
  Natasha (twice) (D:2)
  A gnoll (D:3)
  An adder (D:2)
  2 worms (D:3)
  3 dart slugs
  2 leopard geckos
  10 orcs (D:3)
  6 bats
  2 giant cockroaches
  6 goblins
  8 hobgoblins
  3 jackals
  2 frilled lizards
  3 kobolds
  3 rats
57 creatures vanquished.

Notes
Turn   | Place    | Note
-------+----------+-------------------------------------------
     0 | D:1      | grindst0ne the Octopode Assassin began the quest for the Orb.
     0 | D:1      | Reached XP level 1. HP: 14/14 MP: 1/1
   226 | D:1      | Reached XP level 2. HP: 20/20 MP: 2/2
   722 | D:1      | Reached XP level 3. HP: 25/25 MP: 3/3
  1000 | D:2      | Noticed Natasha
  1005 | D:2      | Killed Natasha
  1106 | D:2      | Reached XP level 4. HP: 17/31 MP: 4/4
  1284 | D:2      | Noticed Natasha
  1306 | D:2      | Killed Natasha
  1576 | D:2      | Found a faded altar of an unknown god.
  1752 | D:3      | Reached XP level 5. HP: 33/36 MP: 5/5
  2009 | D:3      | Found a hide-covered altar of Uskayaw.
  2389 | D:2      | Noticed Natasha
  2619 | D:3      | Reached XP level 6. HP: 19/43 MP: 6/6
  2820 | D:2      | Slain by a killer bee

Skill      XL: |  1  2  3  4  5  6 |
---------------+-------------------+-----
Dodging        | 2 3 |  3.1
Fighting       | 3 4 |  4.0
Short Blades   | 3 |  3.8
Throwing       | |  2.0
Stealth        | |  5.3

Action                   |  1- 3 |  4- 6 || total
-------------------------+-------+-------++-------
Melee: Dagger            |    42 |   101 ||   143
       Tentacles         |     5 |    23 ||    28
       Constrict         |    10 |    24 ||    34
 Stab: Sleeping          |     7 |     5 ||    12
  Eat: Chunk             |       |     5 ||     5
Armor: Skin              |     3 |     7 ||    10
Dodge: Dodged            |    28 |    55 ||    83
